 Dungeon Crawl Stone Soup version 0.28-a0-577-gb193047a1f (webtiles) character file.

Game seed: 991342582254860019

35 heikuro the Shield-Bearer (level 3, -1/29 HPs)
             Began as a Formicid Fighter on Oct 2, 2021.
             Slain by a gnoll (7 damage)
             ... on level 2 of the Dungeon.
             The game lasted 00:02:13 (1138 turns).

heikuro the Shield-Bearer (Formicid Fighter)        Turns: 1138, Time: 00:02:14

Health: -1/29      AC: 10    Str: 21    XL:     3   Next: 55%
Magic:  3/3        EV:  7    Int:  7    God:
Gold:   68         SH:  4    Dex: 10    Spells: 2/2 levels left

rFire   . . .      SeeInvis +   a - +0 war axe
rCold   . . .      Faith    .   c - +0 buckler
rNeg    + . .      Spirit   .   l - +0 chain mail
rPois   .          Reflect  .   (helmet unavailable)
rElec   .          Harm     .   (no cloak)
rCorr   .          Rampage  .   (no gloves)
Will    .....                   g - +0 pair of boots
Stlth   ..........              (no amulet)
HPRegen 0.09/turn               k - ring of positive energy
MPRegen 0.08/turn               (no ring)

@: no status effects
A: permanent stasis, dig shafts and tunnels, antennae 3, four strong arms
a: Dig, Shaft Self


You were on level 2 of the Dungeon.
You visited 1 branch of the dungeon, and saw 2 of its levels.

You collected 68 gold pieces.

Inventory:

Hand Weapons
 a - a +0 war axe (weapon)
Missiles
 e - 9 poisoned darts (quivered)
Armour
 c - a +0 buckler (worn)
 g - a +0 pair of boots (worn)
 l - a +0 chain mail (worn)
Jewellery
 k - a ring of positive energy (left hand)
Scrolls
 i - 2 scrolls of teleportation {unknown}
Potions
 d - 3 potions of might
 f - a potion of flight {unknown}
 h - a potion of magic {unknown}
 j - a potion of heal wounds {unknown}


   Skills:
 + Level 3.6 Fighting
 * Level 2.8 Axes
 + Level 3.6 Armour
 + Level 4.0 Shields


You had 2 spell levels left.
You didn't know any spells.
Your spell library contained the following spells:

 Spells                   Type           Power      Damage    Failure   Level
 Ensorcelled Hibernation  Hex/Ice        0%         N/A       100%        2
 Tukima's Dance           Hex            0%         N/A       100%        3


Dungeon Overview and Level Annotations

Branches:
Dungeon (2/15)

Altars:
Sif Muna


Innate Abilities, Weirdness & Mutations

You cannot be hasted, slowed, berserked, paralysed or teleported.
You can dig through walls and to a lower floor.
You have a pair of large antennae on your head. (SInv)
Your four strong arms can wield two-handed weapons with a shield.


Message History

You hit the gnoll.
The gnoll is heavily wounded.
You slash the endoplasm!
You kill the endoplasm!
You block the bat's attack.
The gnoll hits you from afar with a +0 spear.
Unknown command.
The bat hits you but does no damage. x3
The bat hits you but does no damage.
You miss the bat. The bat barely misses you. The gnoll barely misses you.
The bat barely misses you.
You closely miss the bat. The bat barely misses you.
The bat closely misses you. The gnoll barely misses you.
The gnoll hits you but does no damage. The bat barely misses you.
You block the gnoll's attack. The gnoll closely misses you.
You closely miss the bat. You block the bat's attack.
The bat hits you but does no damage.
The gnoll hits you from afar with a +0 spear.
The gnoll barely misses you.
You closely miss the bat. The bat hits you but does no damage.
The gnoll hits you but does no damage.
The gnoll hits you from afar with a +0 spear.
The bat hits you but does no damage.
The gnoll hits you but does no damage. x2
You closely miss the bat. The bat closely misses you.
You block the gnoll's attack. The gnoll hits you but does no damage.
The bat hits you but does no damage.
You completely miss the bat. The bat hits you but does no damage.
You block the bat's attack. The gnoll hits you but does no damage.
The gnoll hits you from afar with a +0 spear.
You miss the bat. The bat barely misses you.
The gnoll hits you from afar with a +0 spear. x2
The bat closely misses you.
The gnoll hits you from afar with a +0 spear!
The gnoll hits you from afar with a +0 spear.
You barely miss the bat. You block the bat's attack.
The bat hits you but does no damage.
The gnoll hits you from afar with a +0 spear.
* * * LOW HITPOINT WARNING * * *
The gnoll hits you from afar with a +0 spear!
You die...

.. #.#.# .. #.#.# ..
#.#.########### .# {
#....[).......# ##
#.......#####.#
#.......# .#.#
##......# .{# #####
######.#####g#......
#....@bg.......
#######g....... {
#........ {
#..#..... #..'.....
##.#..... .#..... ..
....


You could see 3 gnolls and a bat.

Vanquished Creatures
  3 bats (D:1)
  4 endoplasms
  3 giant cockroaches (D:1)
  6 goblins
  5 hobgoblins (D:1)
  3 kobolds
  2 frilled lizards (D:1)
  3 rats
29 creatures vanquished.

Vanquished Creatures (others)
  A plant (D:2)
1 creature vanquished.

Grand Total: 30 creatures vanquished

Notes
Turn   | Place    | Note
-------+----------+-------------------------------------------
     0 | D:1      | heikuro the Formicid Fighter began the quest for the Orb.
     0 | D:1      | Reached XP level 1. HP: 18/18 MP: 1/1
   250 | D:1      | Reached XP level 2. HP: 17/24 MP: 2/2
   552 | D:1      | Reached XP level 3. HP: 29/29 MP: 3/3
   892 | D:1      | Reached skill level 4 in Shields
   964 | D:2      | Found a shimmering blue altar of Sif Muna.
  1138 | D:2      | Slain by a gnoll

Illustrated notes

Levels and vault maps discovered:
D:1:      wheals_arrival_shading, layout_loops_ring
D:2:      minmay_spotlight, layout_basic,
          chequers_ecumenical_altar_simple_redux, basic_altar,
          serial_bayou_lagoon_a

Skill      XL: |  1  2  3 |
---------------+----------+-----
Shields        | 4 |  4.0
Fighting       | |  3.6
Axes           | |  2.8
Armour         | |  3.6

Action                   || total
-------------------------++-------
Melee: War axe           ||   106
Armor: Scale mail        ||    53
       Chain mail        ||    16
Dodge: Dodged            ||    77
Block: Buckler           ||    31

Table legend: (Time is in decaauts)
 A = Elapsed time spent in this place.
 B = Non-inter-level travel time spent in this place.
 C = Inter-level travel time spent in this place.
 D = Time resting spent in this place.
 E = Time spent auto-exploring this place.
 F = Levels seen in this place.
 G = Mean time per level.
                   A        B        C        D        E       F      G
               +--------+--------+--------+--------+--------+-----+--------+
         Total |   1177 |   1116 |     61 |    186 |    535 |   2 |  588.5 |
       Dungeon |   1177 |   1116 |     61 |    186 |    535 |   2 |  588.5 |
               +--------+--------+--------+--------+--------+-----+--------+

Top non-repeatable levels by time:
     D:1: 997 daAuts
     D:2: 180 daAuts
